 Dungeon Crawl Stone Soup version 0.31.0-9-g3a7656b989 (webtiles) character file.

Game seed: 4111758908794645205

25354 Gottschkopf the Spear-Bearer (level 12, 0/113 HPs)
             Began as a Minotaur Fighter on Jan 26, 2024.
             Was the Champion of Cheibriados.
             Slain by an ettin
             ... wielding a +0 dire flail
              (22 damage)
             ... on level 1 of the Orcish Mines on Jan 27, 2024.
             The game lasted 00:41:34 (12365 turns).

Gottschkopf the Spear-Bearer (Minotaur Fighter)    Turns: 12365, Time: 00:41:34

Health: 0/113      AC: 24    Str: 41    XL:     12   Next: 88%
Magic:  11/11      EV: 15    Int: 20    God:    Cheibriados [******]
Gold:   550        SH:  9    Dex: 27    Spells: 11/11 levels left

rFire   . . .        Y - +4 spear (freeze)
rCold   . . .        c - +0 buckler
rNeg    + . .        u - +8 chain mail {ponderous}
rPois   +            (helmet unavailable)
rElec   .            (no cloak)
rCorr   .            U - +0 pair of gloves
SInv    .            f - +1 pair of boots of Magic {rPois Will+}
Will    ++...        (no amulet)
Stlth   +            g - ring of willpower
HPRegen 0.38/turn    o - ring of positive energy
MPRegen 0.12/turn

%: no passive effects
@: very slow
A: horns 3, retaliatory headbutt, thin skeletal structure 1
a: Renounce Religion, Bend Time, Temporal Distortion, Slouch, Step From Time


You were on level 1 of the Orcish Mines.
You worshipped Cheibriados.
Cheibriados was exalted by your worship.
You visited 2 branches of the dungeon, and saw 14 of its levels.
You also visited: Ossuary.

You collected 767 gold pieces.
You spent 217 gold pieces at shops.

Inventory:

Hand Weapons
 y - a +1 trident of distortion
 S - a +3 falchion of protection
 Y - a +4 spear of freezing (weapon)
Missiles
 a - 2 throwing nets (quivered)
Armour
 c - a +0 buckler (worn)
 f - the +1 pair of boots of Magic (worn) {rPois Will+}
   (You acquired it on level 8 of the Dungeon)

   rPois:     It protects you from poison Will+: It increases your willpower.
 u - a +8 chain mail of ponderousness (worn)
 G - a +1 hat
 U - a +0 pair of gloves (worn)
 W - the +2 leather armour "Beunazil" {Rampage rN+ Int+3 Stlth-}
   (You found it on level 11 of the Dungeon)

   Int+3:     It affects your intelligence (+3).
   rN+:       It protects you from negative energy.
   Rampage:   It bestows one free step when moving towards enemies.
   Stlth-:    It makes you less stealthy.
   Cheibriados disapproves of the use of such an item.
Jewellery
 g - a ring of willpower (left hand)
 o - a ring of positive energy (right hand)
 H - a ring of see invisible
Talismans
 x - a serpent talisman
Wands
 A - a wand of paralysis (32)
 J - a wand of flame (10)
 M - a wand of polymorph (8)
 N - a wand of roots (12)
 O - a wand of mindburst (20)
 T - a wand of digging (10)
Scrolls
 b - 2 scrolls of blinking
 e - 5 scrolls of fear
 h - a scroll of torment
 m - a scroll of noise
 n - 3 scrolls of poison
 p - 3 scrolls of fog
 q - 3 scrolls of revelation
 r - a scroll of teleportation
 s - 3 scrolls of amnesia
 B - a scroll of enchant armour {unknown}
 P - a scroll of immolation
 Q - a scroll of vulnerability {unknown}
Potions
 d - 2 potions of might
 i - a potion of cancellation
 j - 8 potions of curing
 k - a potion of resistance {unknown}
 l - a potion of haste {unknown}
 t - 6 potions of brilliance
 v - 2 potions of magic
 w - 2 potions of invisibility {unknown}
 z - 3 potions of enlightenment
 C - a potion of berserk rage {unknown}
 D - 2 potions of heal wounds
 E - 3 potions of lignification
 F - 2 potions of ambrosia
 V - a potion of mutation


   Skills:
 - Level 12.8 Fighting
 - Level 8.2 Long Blades
 - Level 12.8 Polearms
 + Level 12.5 Armour
 + Level 5.5 Dodging
 + Level 12.2 Shields


You had 11 spell levels left.
You didn't know any spells.
Your spell library contained the following spells:

 Spells                   Type           Power      Damage    Failure   Level
 Summon Small Mammal      Summ           0%         N/A       43%         1
 Inner Flame              Hex/Fire       0%         N/A       80%         3
 Volatile Blastmotes      Fire/Tloc      0%         2d10      80%         3
 Animate Armour           Summ/Erth      0%         N/A       99%         4
 Flame Wave               Conj/Fire      0%         2d4       99%         4
 Fulminant Prism          Conj/Alch      0%         3d5       99%         4
 Iskenderun's Mystic Bla  Conj/Tloc      0%         2d3       99%         4
 Sticky Flame             Fire/Alch      0%         2d4       99%         4
 Summon Lightning Spire   Summ/Air       0%         N/A       99%         4
 Lee's Rapid Deconstruct  Erth           0%         3d4*      100%        5


Dungeon Overview and Level Annotations

Branches:
Dungeon (13/15)            Temple (0/1) D:5            Lair (0/5) D:8
    Orc (1/2) D:9         Ossuary (visited)
 Vaults: D:13-14

Altars:
Cheibriados
Elyvilon
Hepliaklqana
Kikubaaqudgha
Makhleb
Nemelex Xobeh
Qazlal
Sif Muna
Uskayaw
Vehumet
Wu Jian
Xom
Yredelemnul
Zin
The Shining One

Shops:
D:3 *   D:5 [   D:7 *   D:9 =

Annotations:
Abyss:1 Jorgrun


Innate Abilities, Weirdness & Mutations

You have a pair of large horns on your head.
You reflexively headbutt those who attack you in melee.
You have a somewhat thin skeletal structure. (Dex +2, Stealth+)


Message History

Okay, then.
You closely miss the orc warrior.
The orc warrior is heavily wounded.
You hit the orc warrior. You freeze the orc warrior.
The orc warrior is severely wounded.
You puncture the orc warrior! You freeze the orc warrior.
You kill the orc warrior!
Cheibriados appreciates the change of pace.
You reach to attack!
You puncture the cyclops! You freeze the cyclops.
The cyclops is moderately wounded.
You puncture the cyclops! You freeze the cyclops. You headbutt the cyclops.
The cyclops is moderately wounded.
You hit the cyclops. You freeze the cyclops. You headbutt the cyclops!
The cyclops is severely wounded.
You hit the cyclops. You freeze the cyclops.
The cyclops is severely wounded.
You block the cyclops's attack.
You puncture the cyclops! You freeze the cyclops.
You kill the cyclops!
The orc priest begins to cast a cantrip, but forgets the words!
An ettin comes into view. It is wielding two +0 dire flails.
The ettin shouts in stereo!
You hear a shout!
You block the cyclops's attack. The ettin closely misses you.
The ettin hits you with a +0 dire flail!
The cyclops barely misses you. You furiously retaliate!
You headbutt the cyclops!!
The orc priest hits you but does no damage.
Items here: (( )))) [[ †††.
The ettin hits you with a +0 dire flail!!
The ettin hits you with a +0 dire flail!
You hit the ettin. You freeze the ettin. You headbutt the ettin!!
The ettin is moderately wounded.
You hit the ettin but do no damage. You headbutt the ettin!!
The ettin is severely wounded.
You puncture the ettin! You freeze the ettin.
The ettin is almost dead.
The ettin hits you with a +0 dire flail!!
* * * LOW HITPOINT WARNING * * *
The ettin hits you with a +0 dire flail!!
You die...

.....# ### ...... ##.##
#.... ##...##### #...#
##.#...##.## ##....
####..........#
#.....####.#.......#....
#.....#.......#.......
#.oC(C...#...........#
#...#@....#..........#
#....###...............
#.... ###.##..........
...... #####.........
....... ##........
..o.... #........
....... ........).
........). #.........


You could see an ettin, a cyclops and an orc priest.

Vanquished Creatures
  2 centaur warriors (D:13)
  A boulder beetle (D:12)
  3 two-headed ogres
  A tengu warrior (D:13)
  A deep troll earth mage (D:11)
  2 skeletal warriors (D:11)
  An orc knight (Orc:1)
  An ugly thing (D:12)
  4 cyclopes
  2 kobold blastminers (Orc:1)
  2 gargoyles
  An unseen horror (D:10)
  Maggie (D:7)
  3 trolls
  A polar bear (D:8)
  A hornet (D:10)
  Sigmund (D:4)
  2 shadows
  A yak (shapeshifter) (D:13)
  16 yaks
  A wraith (D:11)
  Grum (D:8)
  2 wargs (Orc:1)
  A steam dragon (D:6)
  6 vampire mosquitoes (D:13)
  Edmund (D:6)
  2 acid dragons (D:12)
  Duvessa (D:7)
  5 orc warriors
  A sky beast (D:7)
  5 ice beasts
  5 ogres
  4 laughing skulls
  13 centaurs
  7 wolves
  A phantom (D:6)
  An elf zombie (Ossuary)
  3 kobold brigands
  A gnoll sergeant (D:12)
  4 bullfrogs
  2 scorpions
  21 wights
  Dowan (D:7)
  A howler monkey (D:9)
  A bombardier beetle (D:6)
  10 orc priests
  3 centaur zombies (Ossuary)
  A hound (D:6)
  3 jellies
  A gnoll bouda (D:4)
  A sleepcap (D:4)
  5 iguanas
  3 orc wizards
  Natasha (thrice) (D:4)
  A centaur simulacrum (D:8)
  4 hound zombies
  2 hound skeletons (D:4)
  2 mummies (Ossuary)
  15 gnolls
  4 adders
  3 shadow imps (D:7)
  2 howler monkey simulacra (D:8)
  6 white imps
  5 ufetubi
  5 adder zombies (Ossuary)
  3 adder skeletons (D:4)
  A dart slug (D:1)
  2 ribbon worms
  30 orcs
  5 endoplasms
  3 giant cockroaches
  9 goblins
  6 hobgoblins
  8 quokkas
  8 ball pythons
  3 bats
  2 frilled lizards
  8 gnoll zombies (Ossuary)
  5 jackal zombies (Ossuary)
  18 kobolds
  7 kobold zombies (Ossuary)
  5 orc zombies (Ossuary)
  6 rats
346 creatures vanquished.

Notes
Turn   | Place    | Note
-------+----------+-------------------------------------------
     0 | D:1      | Gottschkopf the Minotaur Fighter began the quest for the
                  | Orb.
     0 | D:1      | Reached XP level 1. HP: 19/19 MP: 0/0
   163 | D:1      | Reached XP level 2. HP: 26/26 MP: 1/1
   749 | D:2      | Reached XP level 3. HP: 29/31 MP: 2/2
  1480 | D:3      | Found Metepn's Assorted Antiques.
  1589 | D:3      | Found a faded altar of an unknown god.
  1612 | D:3      | Prayed at the altar of an unknown god.
  1612 | D:3      | Became a worshipper of Cheibriados the Contemplative
  1612 | D:3      | Reached * piety under Cheibriados
  1642 | D:3      | Reached skill level 5 in Long Blades
  1916 | D:3      | Reached XP level 4. HP: 36/39 MP: 3/3
  1954 | D:4      | Found a sand-covered staircase.
  1968 | Ossuary  | Entered an ossuary
  2041 | Ossuary  | Reached XP level 5. HP: 45/46 MP: 4/4
  2108 | Ossuary  | Reached ** piety under Cheibriados
  2133 | Ossuary  | Reached skill level 5 in Fighting
  2133 | Ossuary  | Reached XP level 6. HP: 16/56 MP: 5/5
  2577 | D:4      | Found a white marble altar of Elyvilon.
  2577 | D:4      | Found a shimmering altar of Xom.
  2643 | D:4      | Noticed Natasha
  2644 | D:4      | Killed Natasha
  2652 | D:4      | Noticed Natasha
  2664 | D:4      | Killed Natasha
  2688 | D:4      | Noticed Natasha
  2699 | D:4      | Killed Natasha
  2843 | D:4      | Reached XP level 7. HP: 54/63 MP: 6/6
  2894 | D:4      | Noticed Sigmund
  2900 | D:4      | Reached *** piety under Cheibriados
  2911 | D:4      | Killed Sigmund
  3311 | D:5      | Entered Level 5 of the Dungeon
  3371 | D:5      | Found a staircase to the Ecumenical Temple.
  3414 | D:5      | Reached skill level 1 in Polearms
  3668 | D:5      | Gained mutation: You have a somewhat thin skeletal
                  | structure. (Dex +2, Stealth+) [potion of mutation]
  3668 | D:5      | Gained mutation: You do not regenerate when monsters are
                  | visible. [potion of mutation]
  3668 | D:5      | Gained mutation: You have a pair of large horns on your
                  | head. [potion of mutation]
  3669 | D:5      | Lost mutation: You have a pair of large horns on your head.
                  | [potion of mutation]
  3669 | D:5      | Lost mutation: You do not regenerate when monsters are
                  | visible. [potion of mutation]
  3669 | D:5      | Gained mutation: You are covered in fur. (AC +1) [potion of
                  | mutation]
  3669 | D:5      | Gained mutation: Your mind is acute. (Int +4, Str/Dex -1)
                  | [potion of mutation]
  3669 | D:5      | Gained mutation: You are partially covered in iridescent
                  | scales. (AC +2) [potion of mutation]
  3670 | D:5      | Lost mutation: Your mind is acute. (Int +4, Str/Dex -1)
                  | [potion of mutation]
  3670 | D:5      | Lost mutation: You are partially covered in iridescent
                  | scales. (AC +2) [potion of mutation]
  3670 | D:5      | Lost mutation: You are covered in fur. (AC +1) [potion of
                  | mutation]
  3670 | D:5      | Gained mutation: You are agile. (Dex +4, Str/Int -1)
                  | [potion of mutation]
  3670 | D:5      | Lost mutation: You are agile. (Dex +4, Str/Int -1) [potion
                  | of mutation]
  3670 | D:5      | Gained mutation: You have a pair of large horns on your
                  | head. [potion of mutation]
  3766 | D:5      | Found Wonerchoa's Antique Armour Boutique.
  3770 | D:5      | Bought a shiny chain mail for 217 gold pieces
  3922 | D:6      | Noticed a steam dragon
  3931 | D:6      | Killed a steam dragon
  3932 | D:6      | Reached skill level 5 in Polearms
  3932 | D:6      | Reached XP level 8. HP: 36/71 MP: 7/7
  4344 | D:6      | Reached **** piety under Cheibriados
  4742 | D:6      | Noticed Edmund
  4752 | D:6      | Killed Edmund
  5145 | D:7      | Noticed Maggie
  5145 | D:7      | Noticed Duvessa
  5145 | D:7      | Noticed Dowan
  5157 | D:7      | Killed Duvessa
  5158 | D:7      | Reached XP level 9. HP: 63/78 MP: 4/8
  5163 | D:7      | Killed Dowan
  5164 | D:7      | Killed Maggie
  5165 | D:7      | Reached skill level 5 in Armour
  5228 | D:7      | Reached skill level 10 in Polearms
  5270 | D:7      | Found Coni's Island Escapes.
  5300 | D:7      | Found a glowing silver altar of Zin.
  5302 | D:7      | Found a stormy altar of Qazlal.
  5303 | D:7      | Found a hazy altar of Hepliaklqana.
  5303 | D:7      | Found a sparkling altar of Nemelex Xobeh.
  5303 | D:7      | Found a glowing golden altar of the Shining One.
  5322 | D:7      | Found a burning altar of Makhleb.
  5323 | D:7      | Found a basalt altar of Yredelemnul.
  5383 | D:7      | Reached ***** piety under Cheibriados
  5776 | D:7      | Reached skill level 5 in Shields
  6194 | D:8      | Noticed Grum
  6212 | D:8      | Killed Grum
  6455 | D:8      | Noticed a polar bear
  6460 | D:8      | Reached XP level 10. HP: 84/88 MP: 9/9
  6529 | D:8      | Found a staircase to the Lair.
  7525 | D:8      | Identified a scroll of acquirement
  7525 | D:8      | Acquired the +1 pair of boots of Magic {rPois Will+}
  7698 | D:9      | Found Joiruett's Jewellery Shop.
  7898 | D:9      | Found an ancient bone altar of Kikubaaqudgha.
  7899 | D:9      | Found a shimmering blue altar of Sif Muna.
  7901 | D:9      | Found a radiant altar of Vehumet.
  7906 | D:9      | Got Sif Muna's Handbook of Command
  8141 | D:9      | Found a staircase to the Orcish Mines.
  8172 | D:9      | Reached ****** piety under Cheibriados
  8256 | D:10     | Entered Level 10 of the Dungeon
  8452 | D:10     | Noticed a two-headed ogre
  8456 | D:10     | Killed a two-headed ogre
  8457 | D:10     | Reached XP level 11. HP: 99/99 MP: 10/10
  8604 | D:10     | Reached skill level 10 in Fighting
  8767 | D:10     | Found an ornate altar of the Wu Jian Council.
  8971 | D:11     | Noticed a skeletal warrior
  8972 | D:11     | Noticed a skeletal warrior
  9586 | D:11     | Noticed a deep troll earth mage
  9749 | D:11     | Killed a skeletal warrior
  9756 | D:11     | Killed a skeletal warrior
  9757 | D:11     | Reached skill level 10 in Armour
  9777 | D:11     | Killed a deep troll earth mage
  9829 | D:11     | Identified the +2 leather armour "Beunazil" {Rampage rN+
                  | Int+3 Stlth-}
  9980 | D:11     | Noticed a two-headed ogre
  9986 | D:11     | Banished a two-headed ogre
  9987 | D:11     | Reached skill level 10 in Shields
 10288 | D:12     | Identified the +0 robe "Uttoerph" {Rampage rPois Str-3}
 10353 | D:12     | Noticed a boulder beetle
 10363 | D:12     | Killed a boulder beetle
 10440 | D:12     | Noticed a two-headed ogre
 10451 | D:12     | Killed a two-headed ogre
 10452 | D:12     | Reached XP level 12. HP: 110/112 MP: 11/11
 10539 | D:12     | Noticed Jorgrun
 10555 | D:12     | Banished Jorgrun
 10556 | D:12     | Reached skill level 1 in Dodging
 10662 | D:12     | Found a hide-covered altar of Uskayaw.
 11353 | D:13     | Noticed a tengu warrior
 11359 | D:13     | Killed a tengu warrior
 11510 | D:13     | Noticed a centaur warrior
 11519 | D:13     | Killed a centaur warrior
 11643 | D:13     | Noticed a centaur warrior
 11661 | D:13     | Killed a centaur warrior
 12126 | Orc:1    | Entered Level 1 of the Orcish Mines
 12126 | Orc:1    | Noticed a two-headed ogre
 12132 | Orc:1    | Killed a two-headed ogre
 12160 | Orc:1    | Reached skill level 5 in Dodging
 12361 | Orc:1    | Noticed an ettin
 12365 | Orc:1    | Slain by an ettin

Illustrated notes

Levels and vault maps discovered:
D:1:      eino_arrival_cavern_e, layout_basic
D:2:      layout_loops_cross
D:3:      layout_loops_ring, serial_shops, shop_statue,
          shapermc_ecumenical_altar_acropolis
D:4:      layout_rooms, gammafunk_temple_overflow_elements,
          mainiacjoe_ossuary_entry_find_the_door, minmay_misc_feat_x,
          kennysheep_generic_room_14, uniq_natasha, uniq_sigmund
D:5:      layout_cave_pools, minmay_temple_entry_antechambers, serial_shops,
          nicolae_shop_back_alley_shop
D:6:      layout_basic, hangedman_decor_growths, uniq_edmund
D:7:      layout_cave_pods, grunt_temple_overflow_open, serial_demonic,
          serial_demonic_f, serial_demonic_c, serial_demonic_f,
          serial_demonic_e, enter_bailey_5, nicolae_island_escapes, uniq_maggie,
          uniq_duvessa
D:8:      layout_loops_corners, lair_entry_dummy, serial_ice, serial_ice_f,
          serial_ice_e, serial_ice_d, serial_ice_m, serial_ice_k, serial_ice_c,
          minivault_5, uniq_grum
D:9:      layout_loops_ring, grunt_temple_overflow_magic_moments,
          minmay_orc_entry_temple_small, serial_shops, kennysheep_mini,
          grunt_decor_one_mirror
D:10:     layout_cave_pools, lemuel_doored_altar
D:11:     layout_roguey, gauntlet_entry_generic, kennysheep_island_fort
D:12:     layout_loops_corners, nicolae_uskayaw_murder_on_the_dancefloor,
          uniq_jorgrun
D:13:     layout_roguey
Orc:1:    giant_chief_lemuel, layout_diamond_mine, gammafunk_ghost_stat_death,
          mines3_lemuel, uniq_sonja

Skill      XL: |  1  2  3  4  5  6  7  8  9 10 11 12 |
---------------+-------------------------------------+-----
Long Blades    | 3 4 5 6 7 8 |  8.2
Fighting       | 4 5 6 8 9 11 12 | 12.8
Armour         | 4 6 8 11 12 | 12.5
Polearms       | 5 9 11 12 | 12.8
Shields        | 5 8 10 12 | 12.2
Dodging        | 5 |  5.5

Action                     |  1- 3 |  4- 6 |  7- 9 | 10-12 || total
---------------------------+-------+-------+-------+-------++-------
  Melee: Long sword        |   100 |   168 |    42 |       ||   310
         Headbutt          |    12 |    38 |    51 |    93 ||   194
         Trident           |       |       |   245 |   292 ||   537
         Spear             |       |       |       |   181 ||   181
 Invoke: Bend Time         |       |       |     2 |       ||     2
    Use: Scroll            |       |       |     9 |    16 ||    25
         Potion            |       |       |     4 |       ||     4
   Stab: Distracted        |       |       |       |     2 ||     2
 Armour: Scale mail        |    20 |       |       |       ||    20
         Chain mail        |    50 |   145 |   158 |   199 ||   552
  Dodge: Dodged            |    23 |    74 |    88 |   117 ||   302
  Block: Buckler           |    29 |    39 |    74 |   115 ||   257
